 Dungeon Crawl Stone Soup version 0.29.0-4-gdea44cf6ec (webtiles) character file.

Game seed: 17331997930779302618

37 qw the Chopper (level 3, 0/21 HPs)
             Began as a Tengu Warper on Aug 28, 2022.
             Succumbed to an adder's poison
             ... on level 2 of the Dungeon.
             The game lasted 00:00:06 (1380 turns).

qw the Chopper (Tengu Warper)                       Turns: 1380, Time: 00:00:06

Health: 0/21       AC: 10    Str: 13    XL:     3   Next: 39%
Magic:  7/7        EV:  3    Int: 13    God:
Gold:   107        SH:  0    Dex: 13    Spells: 6/6 levels left

rFire   . . .      SeeInvis .   Y - +0 war axe
rCold   . . .      Faith    .   (no shield)
rNeg    . . .      Spirit   .   f - +0 plate armour
rPois   .          Reflect  .   (helmet restricted)
rElec   .          Harm     .   (no cloak)
rCorr   .          Rampage  .   (no gloves)
Will    .....                   (boots unavailable)
Stlth   ..........              (no amulet)
HPRegen 0.07/turn               (no ring)
MPRegen 0.10/turn               (no ring)

@: lethally poisoned (0 -> -3)
A: beak, talons 3
a: no special abilities


You were on level 2 of the Dungeon.
You visited 1 branch of the dungeon, and saw 2 of its levels.

You collected 107 gold pieces.


Innate Abilities, Weirdness & Mutations

You have a beak for a mouth.
You have claws for feet.


   Skills:
 - Level 2.0 Fighting
 - Level 4.0 Axes
 - Level 1.0 Throwing
 + Level 1.2 Armour
 - Level 2.1 Dodging
 - Level 2.0 Spellcasting
 - Level 2.4 Translocations


You had 6 spell levels left.
You didn't know any spells.
Your spell library contained the following spells:

 Spells                   Type           Power      Damage    Failure   Level
 Blink                    Tloc           14%        N/A       100%        2
 Gell's Gravitas          Tloc           7%         N/A       100%        3
 Lesser Beckoning         Tloc           7%         N/A       100%        3
 Teleport Other           Tloc           7%         N/A       100%        3
 Manifold Assault         Tloc           7%         N/A       100%        5

Inventory:

Hand Weapons
 a - a +0 club
 Y - a +0 war axe (weapon)
Armour
 f - a +0 plate armour (worn)
Scrolls
 c - a scroll of enchant weapon {unknown}
Potions
 b - a potion of curing {unknown}
 d - a potion of degeneration {unknown}

Dungeon Overview and Level Annotations

Branches:
Dungeon (2/15)

Altars:


Message History

The bat hits you but does no damage. The bat completely misses you.
The bat hits you but does no damage.
You slash the bat!
You kill the bat!
You start resting.
HP restored.
You now have 107 gold pieces (gained 7).
A kobold comes into view.
It is wielding a +1 short sword of protection.
The kobold shouts!
An adder comes into view.
The adder hisses angrily.
You closely miss the adder. Your kick misses the adder.
Your peck misses the adder. The adder bites you.
You are poisoned.
The adder poisons you! The adder bites you.
You hit the adder. Your peck misses the adder.
The adder is moderately wounded.
You hit the kobold but do no damage.
You feel sick. The adder bites you but does no damage.
The kobold hits you but does no damage. The adder bites you but does no damage.
You closely miss the adder.
The adder is moderately wounded.
You hit the kobold.
You kill the kobold!
You feel sick. The adder bites you but does no damage.
You hit the adder but do no damage.
The adder is moderately wounded.
You feel sick. The adder bites you. The adder bites you but does no damage.
You miss the adder. You claw the adder.
The adder is heavily wounded.
You feel sick. The adder bites you. x2
You are lethally poisoned!
The adder poisons you!
You hit the adder but do no damage.
The adder is heavily wounded.
You feel sick. The adder bites you but does no damage.
You hit the adder. Your peck misses the adder.
The adder is almost dead.
You die...

#..##... ##...#### #......#
....... ####..## ...... .
#.... ..... .. ......
###...##..#########.
#.......#.#.......#.
#.#S).# #.#.......#.
###.#@..# #.#..#'#..#.
#.......#.#.#..#_#..#.
##.#.#####.#.#..###..#.
#.......)..#.#.......#.
#.#.####.###.#.......#.
#####.#.####.%.%.####'####.
#.....#....#..##...........
#..#######....####...######
#.....#.......# ##..# #


You could see an adder.

Vanquished Creatures
  An adder (D:2)
  A worm (D:2)
  2 dart slugs (D:1)
  4 bats
  4 goblins
  A hobgoblin (D:2)
  A kobold (D:2)
  2 ball pythons (D:1)
  7 frilled lizards (D:1)
  2 rats
25 creatures vanquished.

Notes
Turn   | Place    | Note
-------+----------+-------------------------------------------
     0 | D:1      | qw the Tengu Warper began the quest for the Orb.
     0 | D:1      | Reached XP level 1. HP: 12/12 MP: 4/4
     0 | D:1      | 0 ||| qw: Version: 0.1-a-89-g26bdef1
     0 | D:1      | 0 ||| qw: Game counter: 3318
     0 | D:1      | 0 ||| qw: Always use a shield: true
     0 | D:1      | 0 ||| qw: God list: Okawaru
     0 | D:1      | 0 ||| qw: Allow faded altars: false
     0 | D:1      | 0 ||| qw: Do Orc after D:15 true
     0 | D:1      | 0 ||| qw: Do second Lair branch before Depths: true
     0 | D:1      | 0 ||| qw: Lair rune preference: random
     0 | D:1      | 0 ||| qw: Plans: Normal
     0 | D:1      | 0 ||| PLANNING D:1-11
    10 | D:1      | 10 ||| Stepping ~*~*~tactically~*~*~ (stealth).
    11 | D:1      | 11 ||| Stepping ~*~*~tactically~*~*~ (stealth).
    15 | D:1      | 15 ||| Stepping ~*~*~tactically~*~*~ (stealth).
    16 | D:1      | 16 ||| Stepping ~*~*~tactically~*~*~ (stealth).
    25 | D:1      | 25 ||| Stepping ~*~*~tactically~*~*~ (stealth).
    26 | D:1      | 26 ||| Stepping ~*~*~tactically~*~*~ (stealth).
    27 | D:1      | 27 ||| Stepping ~*~*~tactically~*~*~ (stealth).
    35 | D:1      | 35 ||| Stepping ~*~*~tactically~*~*~ (stealth).
    36 | D:1      | 36 ||| SWAPPING to +0 war axe.
    37 | D:1      | 37 ||| DROPPING +0 hand axe.
    53 | D:1      | 53 ||| Stepping ~*~*~tactically~*~*~ (stealth).
   106 | D:1      | 106 ||| Stepping ~*~*~tactically~*~*~ (stealth).
   108 | D:1      | 108 ||| Stepping ~*~*~tactically~*~*~ (stealth).
   110 | D:1      | 110 ||| Stepping ~*~*~tactically~*~*~ (stealth).
   121 | D:1      | 121 ||| Stepping ~*~*~tactically~*~*~ (stealth).
   254 | D:1      | Reached XP level 2. HP: 17/17 MP: 6/6
   378 | D:1      | Reached skill level 3 in Axes
   454 | D:1      | 454 ||| Stepping ~*~*~tactically~*~*~ (hiding).
   900 | D:1      | 900 ||| UPGRADING to +0 plate armour.
   910 | D:1      | 910 ||| DROPPING +0 leather armour.
   911 | D:1      | 911 ||| READING 2 scrolls labelled OWKAR JITAMIUX.
   912 | D:1      | 912 ||| READING scroll labelled LEAVIL GIRGH.
   913 | D:1      | 913 ||| DROPPING scroll of blinking.
   914 | D:1      | 914 ||| DROPPING scroll of fog.
  1047 | D:2      | Found a faded altar of an unknown god.
  1077 | D:2      | Reached XP level 3. HP: 6/21 MP: 7/7
  1294 | D:2      | Reached skill level 4 in Axes
  1378 | D:2      | HP: 3/21 [adder (3)]
  1379 | D:2      | HP: 1/21 [poisoned by an adder]
  1380 | D:2      | Succumbed to an adder's poison

Levels and vault maps discovered:
D:1:      dpeg_arrival_long_road, layout_basic
D:2:      layout_loops_cross, basic_altar,
          hellmonk_ecumenical_altar_inner_sanctum

Skill      XL: |  1  2  3 |
---------------+----------+-----
Axes           | 3 4 |  4.0
Fighting       | |  2.0
Throwing       | |  1.0
Armour         | |  1.2
Dodging        | |  2.1
Spellcasting   | |  2.0
Translocations | |  2.4

Action                   || total
-------------------------++-------
Melee: War axe           ||    55
       Kick              ||     8
       Punch             ||     1
       Peck              ||     1
Throw: Boomerang         ||     7
  Use: Scroll            ||     2
Armor: Leather armour    ||     5
       Plate armour      ||    18
Dodge: Dodged            ||    19

Table legend:
 A = Non-vault XP
 B = Vault XP
 C = Vault XP percentage of total XP
 D = Non-vault monster count
 E = Vault monster count
 F = Vault count percentage of total count
                 A         B        C        D         E       F
            +---------+---------+-------+---------+---------+-------
      Total |      53 |       0 |   0.0 |      25 |       0 |   0.0
            +---------+---------+-------+---------+---------+-------
        D:1 |      26 |       0 |   0.0 |      17 |       0 |   0.0
        D:2 |      27 |       0 |   0.0 |       8 |       0 |   0.0
            +---------+---------+-------+---------+---------+-------
